 Dungeon Crawl Stone Soup version 0.31-a0-455-g1a7b003ef0 (webtiles) character file.

Game seed: 17049714363377625950

2259047 juan097 the Slayer (level 27, 193/193 HPs)
             Began as a Gargoyle Earth Elementalist on Aug 3, 2023.
             Was the Champion of Vehumet.
             Escaped with the Orb
             ... and 4 runes on Jan 24, 2024!
             The game lasted 05:15:29 (73700 turns).

juan097 the Slayer (Gargoyle Earth Elementalist)   Turns: 73700, Time: 05:15:30

Health: 193/193    AC: 41    Str: 20    XL:     27
Magic:  53/53      EV: 17    Int: 36    God:    Vehumet [******]
Gold:   4850       SH:  0    Dex: 15    Spells: 7/60 levels left

rFire   + + .        a - staff of earth
rCold   + + +        c - crystal ball of Wucad Mu {*channel}
rNeg    + + .        e - +4 skin of Zhor {*Englaciate rC+++ SInv}
rPois   ∞            z - +2 hat {Int+3}
rElec   +            j - +2 cloak {rCorr}
rCorr   +            N - +2 pair of gloves {Dex+3}
SInv    +            E - +2 pair of boots {rampage}
Will    +++..        H - amulet of Imeac {RegenMP rElec Str+5}
Stlth   ++           u - ring "Qikky" {rF+ rN+ MP+9}
HPRegen 0.52/turn    J - ring "Woinoh" {*Slow rElec rF+ Will+ Int+6 Dex+2}
MPRegen 0.73/turn

%: slow self (1%), rampage, channel magic (40%)
@: flying, studying 2 skills
A: sickness immunity, AC +20, big wings, negative energy resistance 1,
electricity resistance, torment resistance 1, petrification resistance,
deterioration 1, no potion heal 1, inability to drink after injury 1
0: Orb of Zot
}: 4/15 runes: decaying, slimy, silver, gossamer
a: Renounce Religion


You escaped.
You worshipped Vehumet.
Vehumet was exalted by your worship.
You visited 11 branches of the dungeon, and saw 53 of its levels.
You also visited: Sewer, Ice Cave, Volcano and Wizlab.

You collected 7533 gold pieces.
You spent 2683 gold pieces at shops.

Inventory:

Hand Weapons
 b - the +10 morningstar "Eos" {elec, Halo rElec}
   (You found it on level 5 of the Lair of Beasts)

   Halo:      It grants its wielder a halo, revealing invisible creatures and
   increasing accuracy against all within it other than the wielder.
   rElec:     It insulates you from electricity.
 k - a +9 heavy eveningstar
Missiles
 r - 5 throwing nets
 S - 19 curare-tipped darts
 U - 22 javelins
Armour
 c - the crystal ball of Wucad Mu (worn) {*channel}
   (You found it on level 5 of the Vaults)

   *Channel:  It often returns the magic spent to cast spells, but lowers their
   success rate.
   It always returns the magic spent on miscasts.
 e - the +4 skin of Zhor (worn) {*Englaciate rC+++ SInv}
   (You found it on level 4 of the Lair of Beasts)

   *Englaciate: It radiates cold, occasionally slowing all nearby creatures who
   are not resistant to cold.
   rC:        It renders you almost immune to cold.
   SInv:      It lets you see invisible.
 j - a +2 cloak of preservation (worn)
 z - a +2 hat of intelligence (worn)
 E - a +2 pair of boots of rampaging (worn)
 N - a +2 pair of gloves of dexterity (worn)
 V - a +1 buckler of protection
Magical Staves
 a - a staff of earth (weapon)
Jewellery
 f - the ring of Ybronuo {rN+ Str+9 Int+6 Dex-5 Stlth+}
   (You found it on level 4 of the Vaults)

   [ring of intelligence]

   Str:       It affects your strength (+9).
   Int:       It affects your intelligence (+6).
   Dex:       It affects your dexterity (-5).
   rN:        It protects you from negative energy.
   Stlth:     It makes you more stealthy.
 o - the ring of Gidas {Ice Will+ Int+4 Dex+4}
   (You took it off Josephina on level 4 of the Realm of Zot)

   [ring of ice]

   It enhances your ice magic.
   Int:       It affects your intelligence (+4).
   Dex:       It affects your dexterity (+4).
   rF:        It makes you vulnerable to fire.
   rC:        It protects you from cold.
   Will:      It increases your willpower.
 u - the ring "Qikky" (left hand) {rF+ rN+ MP+9}
   (You found it on level 5 of the Vaults)

   [ring of magical power]

   rF:        It protects you from fire.
   rN:        It protects you from negative energy.
   MP:        It affects your magic capacity (+9).
 w - a ring of willpower
 H - the amulet of Imeac (around neck) {RegenMP rElec Str+5}
   (You found it on level 1 of the Swamp)

   [amulet of magic regeneration]

   It increases your rate of magic regeneration.
   Str:       It affects your strength (+5).
   rElec:     It insulates you from electricity.
 J - the ring "Woinoh" (right hand) {*Slow rElec rF+ Will+ Int+6 Dex+2}
   (You took it off a deep elf master archer on level 3 of the Elven Halls)

   [ring of willpower]

   Int:       It affects your intelligence (+6).
   Dex:       It affects your dexterity (+2).
   rF:        It protects you from fire.
   rElec:     It insulates you from electricity.
   *Slow:     It may slow you when you take damage.
   Will:      It increases your willpower.
 P - the amulet "Loofeoni" {Faith Str+2}
   (You found it on level 5 of the Pits of Slime)

   [amulet of faith]

   It allows you to gain divine favour quickly.
   Str:       It affects your strength (+2).
Wands
 i - a wand of digging (24)
 Q - a wand of roots (49)
 T - a wand of acid (32)
Scrolls
 l - 10 scrolls of blinking
 m - 2 scrolls of enchant armour
 p - 4 scrolls of fog
 q - 16 scrolls of teleportation
 t - 8 scrolls of amnesia
 B - 4 scrolls of summoning
 F - a scroll of enchant weapon
 O - 8 scrolls of immolation
 R - 5 scrolls of poison
 X - 6 scrolls of revelation
Potions
 d - 4 potions of berserk rage
 g - 13 potions of might
 n - 10 potions of ambrosia
 s - 14 potions of curing
 v - a potion of resistance
 x - 10 potions of haste
 y - 6 potions of magic
 A - 10 potions of enlightenment
 D - 6 potions of invisibility
 G - 6 potions of heal wounds
 K - 14 potions of attraction
 M - 4 potions of brilliance
 Z - 6 potions of cancellation
Miscellaneous
 h - a phial of floods (inert)
 C - a tin of tremorstones (2/2)
 L - a box of beasts
 W - a lightning rod (4/4)
 Y - a phantom mirror


   Skills:
 - Level 25.0 Fighting
 - Level 6.0 Short Blades
 - Level 12.0 Maces & Flails
 - Level 4.0 Ranged Weapons
 - Level 8.0 Throwing
 + Level 15.4 Armour
 - Level 10.0 Dodging
 - Level 8.0 Stealth
 - Level 6.0 Shields
 - Level 17.0 Spellcasting
 - Level 16.0 Conjurations
 - Level 7.2 Hexes
 - Level 6.0 Necromancy
 - Level 6.0 Translocations
 + Level 6.7 Transmutations
 - Level 10.0 Fire Magic
 - Level 2.0 Air Magic
 + Level 24.1 Earth Magic
 - Level 3.0 Poison Magic
 + Level 14.1 Evocations


You had 7 spell levels left.
You knew the following spells:

 Your Spells              Type           Power      Damage    Failure   Level
a - Leda's Unmaking       Conj/Erth      66%        9d11      1%          6
b - Passwall              Tmut/Erth      99%        N/A       1%          2
c - Lehudib's Crystal Sp  Conj/Erth      66%        10d15     2%          8
d - Shatter               Erth           70%        3d52*     4%          9
e - Borgnjor's Vile Clut  Necr/Erth      59%        N/A       1%          5
f - Irradiate             Conj/Tmut      42%        3d25      1%          5
g - Starburst             Conj/Fire      45%        6d13      1%          6
h - Lee's Rapid Deconstr  Erth           70%        3d32*     1%          5
i - Yara's Violent Unrav  Hex/Tmut       34%        3d14      2%          5
j - Blink                 Tloc           100%       N/A       1%          2

Your spell library contained the following spells:

 Spells                   Type           Power      Damage    Failure   Level
 Fire Storm               Conj/Fire      45%        8d11      86%         9
 Apportation              Tloc           100%       N/A       1%          1
 Foxfire                  Conj/Fire      100%       2x1d9     1%          1
 Freeze                   Ice            100%       1d10      1%          1
 Kiss of Death            Conj/Necr      100%       2d13      1%          1
 Magic Dart               Conj           100%       1d8       1%          1
 Necrotise                Necr           100%       1d9       1%          1
 Sandblast                Erth           100%       2d20      1%          1
 Lesser Beckoning         Tloc           100%       N/A       1%          2
 Momentum Strike          Conj/Tloc      100%       3d10      1%          2
 Scorch                   Fire           100%       2d9       1%          2
 Searing Ray              Conj           100%       2d8       1%          2
 Wereblood                Tmut           68%        N/A       1%          2
 Hailstorm                Conj/Ice       73%        3d15      1%          3
 Inner Flame              Hex/Fire       75%        N/A       1%          3
 Mephitic Cloud           Conj/Pois/Air  69%        N/A       1%          3
 Stone Arrow              Conj/Erth      100%       3d13      1%          3
 Animate Armour           Summ/Erth      100%       N/A       1%          4
 Flame Wave               Conj/Fire      90%        2d19      1%          4
 Fulminant Prism          Conj/Hex       42%        3d19      1%          4
 Iskenderun's Mystic Bla  Conj/Tloc      83%        2d16      1%          4
 Leda's Liquefaction      Hex/Erth       60%        N/A       1%          4
 Petrify                  Tmut/Erth      100%       N/A       1%          4
 Sticky Flame             Conj/Fire      90%        2d10      1%          4
 Arcjolt                  Conj/Air       38%        1d48      1%          5
 Iskenderun's Battlesphe  Conj           98%        2d14      1%          5
 Confusing Touch          Hex            70%        N/A       2%          3
 Portal Projectile        Hex/Tloc       100%       N/A       2%          3
 Teleport Other           Tloc           65%        N/A       2%          3
 Vampiric Draining        Necr           65%        2d10      2%          3
 Freezing Cloud           Conj/Ice/Air   32%        6-21      2%          5
 Ensorcelled Hibernation  Hex/Ice        100%       N/A       3%          2
 Frozen Ramparts          Ice            60%        1d10      3%          3
 Cause Fear               Hex            35%        N/A       3%          4
 Olgreb's Toxic Radiance  Pois           51%        N/A       3%          4
 Summon Guardian Golem    Hex/Summ       54%        N/A       4%          3
 Vhi's Electric Charge    Tloc/Air       100%       N/A       4%          3
 Anguish                  Hex/Necr       34%        N/A       4%          4
 Animate Dead             Necr           65%        N/A       4%          4
 Dispel Undead            Necr           65%        3d22      4%          4
 Manifold Assault         Tloc           65%        N/A       4%          4
 Summon Small Mammal      Summ           100%       N/A       5%          1
 Call Imp                 Summ           60%        N/A       7%          2
 Swiftness                Air            45%        N/A       7%          3
 Plasma Beam              Fire/Air       32%        2x1d45    9%          6
 Agony                    Necr           65%        N/A       10%         5
 Call Canine Familiar     Summ           30%        N/A       11%         3
 Ozocubu's Armour         Ice            30%        N/A       11%         3
 Alistair's Intoxication  Tmut/Pois      40%        N/A       13%         5
 Metabolic Englaciation   Hex/Ice        27%        N/A       19%         5
 Summon Forest            Summ/Tloc      25%        N/A       22%         5
 Summon Ice Beast         Ice/Summ       30%        N/A       26%         4
 Death Channel            Necr           32%        N/A       32%         6
 Enfeeble                 Hex            35%        N/A       65%         7
 Simulacrum               Ice/Necr       25%        N/A       67%         6
 Summon Cactus Giant      Summ           15%        N/A       95%         6
 Ozocubu's Refrigeration  Ice            15%        4d10      95%         7
 Haunt                    Necr/Summ      25%        N/A       99%         7
 Malign Gateway           Summ/Tloc      25%        N/A       99%         7
 Summon Hydra             Summ           15%        N/A       100%        7
 Ignition                 Fire           40%        3d12      45%         8
 Discord                  Hex            35%        N/A       99%         8
 Borgnjor's Revivificati  Necr           32%        N/A       100%        8
 Infestation              Necr           32%        N/A       100%        8
 Maxwell's Capacitive Co  Air            22%        ∞         100%        8
 Summon Horrible Things   Summ           15%        N/A       100%        8
 Chain Lightning          Conj/Air       38%        3d51      100%        9
 Polar Vortex             Ice            15%        12d2*     100%        9
 Sublimation of Blood     Necr           Unusable   N/A       N/A         2
 Cigotuvi's Dreadful Rot  Necr/Pois/Air  Unusable   N/A       N/A         2

Dungeon Overview and Level Annotations

Branches:
Dungeon (15/15)            Temple (1/1) D:4            Lair (5/5) D:11
  Swamp (4/4) Lair:2       Spider (4/4) Lair:2        Slime (5/5) Lair:4
    Orc (2/2) D:12            Elf (3/3) Orc:2        Vaults (5/5) D:13
  Crypt (0/3) Vaults:3     Depths (4/4) D:15            Zot (5/5) Depths:4
  Sewer (visited)           IceCv (visited)         Volcano (visited)
 WizLab (visited)

Altars:
Ashenzari
Cheibriados
Dithmenos
Elyvilon
Fedhas
Gozag
Hepliaklqana
Kikubaaqudgha
Makhleb
Nemelex Xobeh
Okawaru
Qazlal
Ru
Sif Muna
Trog
Uskayaw
Vehumet
Wu Jian
Xom
Yredelemnul
Zin
The Shining One
Jiyva
Lugonu

Shops:
D:4 [   D:7 [   D:8 :   D:9 *   D:12 :   D:14 ?   Orc:2 *[(*   Elf:1 **[*
Elf:2 ?(   Elf:3 [   Vaults:1 =   Vaults:3 (   Vaults:4 =

Portals:
Hell: Depths:1 Depths:2 Depths:3 Depths:4
Abyss: Lair:5 Swamp:2 Depths:3
Pandemonium: Depths:1 Depths:2
Ziggurat: Depths:4

Annotations:
Depths:4 exclusions: angel, daeva and 1 more exclusion


Innate Abilities, Weirdness & Mutations

You are immune to sickness and miasma.
Your stone body is resilient. (AC +20)
You are immune to poison.
Your large and strong wings let you fly.
You resist negative energy. (rN+)
You are resistant to electric shocks. (rElec)
You are resistant to unholy torment.
You are immune to petrification.
Your body sometimes deteriorates upon taking damage.
Potions are less effective at restoring your health.
You occasionally lose the ability to drink potions when taking damage.


Message History

(Z) Zot
Where to? (Enter - D:1, ? - help)
What level of the Dungeon? (default 1, ? - help) HP restored.
Magic restored.
There is a stone staircase leading up here.
You fly upwards.
There is a stone staircase leading down here. 3 hell hogs come into view.
Casting: Leda's Unmaking (mildly dangerous; 1% risk of failure)
Confirm with . or Enter, or press ? or * to list all spells.
You feel a surge of power!
The dungeon rumbles!
The hell hog is almost dead.
You kill the hell hog!
Vehumet accepts your kill.
You feel your power returning.
You kill the hell hog!
Vehumet accepts your kill.
Ka-crash!
Magical energy flows into your mind!
Casting: Shatter (dangerous; 4% risk of failure)
Confirm with . or Enter, or press ? or * to list all spells.
You feel a surge of power!
The dungeon rumbles!
You kill the hell hog!
Vehumet accepts your kill.
Ka-crash!
Magical energy flows into your mind!
A hell hog comes into view.
Casting: Shatter (dangerous; 4% risk of failure)
Confirm with . or Enter, or press ? or * to list all spells.
You feel a surge of power!
The dungeon rumbles!
You kill the hell hog!
Vehumet accepts your kill.
You feel your power returning.
Ka-crash!
Magical energy flows into your mind!
There is a staircase leading out of the dungeon here.
You have escaped!

..........#######.####
.#.........#.##∩#.###
......[.....#.##.###
..............##.####
..........###..~~##.#
.......###...##~~..###
...........##.#.###..####
......†##..####.#####...#
........#..###.#@######.##
...#.#.##..###.########..#
..>.......#.#.##..######.#
.........####.##......#..#
.....#.#### #.....###...##
##.#.#.# #####.# #####
...#.#.# #.# ####.#.# #.#
#.#.# #.#


There were no monsters in sight!

Vanquished Creatures
  the Royal Jelly (Slime:5)
  4 ancient liches
  4 orbs of fire
  Mennas (Vaults:4)
  4 juggernauts (Depths:3)
  2 pandemonium lords
  Josephina (Zot:4)
  Boris (Vaults:4)
  13 Killer Klowns (Zot:5)
  Parghit (Zot:2)
  2 caustic shrikes (Depths:3)
  3 curse toes
  11 golden dragons
  Nikola (Spider:1)
  A bone dragon (Depths:4)
  4 electric golems
  Rupert (Lair:5)
  25 Orb Guardians (Zot:5)
  16 tentacled monstrosities
  4 liches
  Jorgrun (Orc:1)
  2 walking crystal tomes (Depths:3)
  4 titans (Vaults:5)
  2 deep elf blademasters (Elf:3)
  2 deep elf master archers (Elf:3)
  A walking frostbound tome (Depths:3)
  11 acid blobs
  11 quicksilver dragons
  An Executioner (D:2)
  8 sphinxes
  Agnes (Spider:1)
  10 shadow dragons
  8 death cobs
  Gastronok (Lair:3)
  4 thorn hunters (Swamp:4)
  Roxanne (D:15)
  6 tengu reavers
  11 storm dragons
  5 draconian monks
  5 rockslimes
  14 azure jellies
  9 fire giants
  12 frost giants
  7 draconian knights
  10 emperor scorpions
  8 deep elf sorcerers
  4 iron dragons
  6 draconian shifters
  27 vault wardens
  12 draconian scorchers
  8 ghost moths
  An angel (Depths:4)
  4 spriggan defenders
  A curse skull (Vaults:3)
  3 deep elf elementalists (Elf:3)
  2 broodmothers
  5 draconian stormcallers
  7 draconian annihilators
  22 ironbound preservers
  18 very ugly things
  2 reapers
  6 war gargoyles
  13 stone giants
  10 quicksilver oozes
  5 formless jellyfish
  9 ironbound thunderhulks
  12 green draconians
  7 deep elf annihilators
  2 spark wasps
  3 vampire knights
  A demonspawn black sun (D:8)
  4 eleionomae
  7 yellow draconians
  5 deep elf demonologists (Elf:3)
  9 white draconians
  Azrael (Spider:1)
  2 bunyips
  2 lorocyprocas
  Nessos (Lair:3)
  12 black draconians
  10 red draconians
  22 dire elephants
  Snorg (D:12)
  27 purple draconians
  6 entropy weavers
  5 ettins
  11 deep elf death magi
  2 crystal guardians
  9 statues (WizLab)
  27 yaktaur captains
  3 jiangshi (D:13)
  7 fire dragons
  7 great orbs of eyes
  A great orb of eyes (shapeshifter) (Vaults:2)
  7 deep elf high priests
  5 rakshasas (Depths:1)
  Harold (Lair:1)
  3 peacekeepers
  A shambling mangrove (Swamp:4)
  3 ghost crabs
  10 ice dragons
  48 vault guards
  4 jorogumos (Spider:1)
  4 ogre magi
  8 centaur warriors
  12 hydras
  6 ironbound frosthearts
  3 spriggan air magi
  A catoblepas (D:8)
  8 boulder beetles
  14 two-headed ogres
  A death yak (shapeshifter) (Vaults:5)
  2 death yaks (Lair:5)
  12 alligators
  6 deep troll earth magi
  A deep troll shaman (Depths:4)
  6 spriggan berserkers
  3 vampire magi
  Urug (Lair:3)
  7 tengu warriors
  28 dancing weapons
  6 demonic crawlers
  4 hell hogs (D:1)
  18 deep elf knights
  14 hell knights
  2 thrashing horrors (Lair:5)
  A titan skeleton (Depths:2)
  2 sun demons
  3 soul eaters
  7 pharaoh ants
  5 iron trolls
  2 skysharks (Lair:3)
  3 goliath frogs (Swamp:2)
  A sun moth (Spider:4)
  2 glowing orange brains
  A shadow wraith (Vaults:5)
  16 lindwurms
  7 spriggan druids
  14 orb spiders
  A quicksilver dragon simulacrum (Zot:4)
  14 deep elf archers
  2 obsidian statues
  2 spectral hydras (Swamp:4)
  2 steelbarb worms
  A flayed ghost (Depths:1)
  6 bog bodies
  17 wizards
  63 deep trolls
  4 swamp dragons
  A sphinx zombie (Depths:2)
  26 ironbound convokers
  6 orc knights
  6 harpies (Vaults:3)
  21 deep elf zephyrmancers
  6 phantasmal warriors
  4 necromancers
  12 wolf spiders
  3 oklob plants (Swamp:4)
  45 ugly things
  A fire giant zombie (Vaults:3)
  8 cyclopes
  3 will-o-the-wisps
  30 deep elf pyromancers
  A manticore (D:15)
  7 shining eyes
  13 elephants
  17 moths of wrath
  A black mamba (shapeshifter) (D:14)
  2 black mambas (Lair:5)
  A fire giant skeleton (Depths:2)
  3 rust devils
  Maurice (D:8)
  A stone giant skeleton (Vaults:3)
  26 vault sentinels
  8 torpor snails
  2 eyes of devastation
  An ice statue (IceCv)
  2 smoke demons (Lair:5)
  2 molten gargoyles (Volcano)
  Maggie (D:7)
  9 cane toads
  An orange demon (D:8)
  2 gargoyles
  13 komodo dragons
  An unseen horror (shapeshifter) (Elf:2)
  44 yaktaurs
  11 rime drakes
  A yaktaur zombie (Vaults:3)
  An efreet (D:15)
  A tormentor (D:4)
  5 freezing wraiths
  A golden dragon simulacrum (Zot:4)
  18 tengu conjurers
  An anaconda simulacrum (IceCv)
  18 meliai
  A hellwing (Depths:4)
  8 polar bears
  14 trolls
  4 hydra zombies (Swamp:4)
  2 ice devils (Depths:1)
  A bloated husk (Swamp:3)
  3 death drake zombies (Swamp:4)
  20 hornets
  A sphinx simulacrum (Depths:2)
  23 tarantellas
  A hydra skeleton (Swamp:4)
  A large abomination (Lair:5)
  30 blink frogs
  2 raiju (Lair:5)
  72 slime creatures
  2 draconian simulacra (Zot:4)
  13 tyrant leeches
  30 jumping spiders
  An ettin zombie (Depths:2)
  An air elemental (Elf:1)
  A shadow (D:8)
  A wraith (D:13)
  8 water elementals
  5 vampires
  10 small abominations (Lair:5)
  12 culicivoras
  21 spriggans
  3 ynoxinuls (Lair:5)
  2 fire bats (Volcano)
  4 steam dragons
  61 yaks
  7 basilisks
  4 wyverns
  A dire elephant simulacrum (IceCv)
  6 fire elementals
  57 redbacks
  13 vampire mosquitoes
  A yellow draconian simulacrum (Zot:4)
  3 chaos spawn
  2 death yak simulacra (IceCv)
  Menkaure (D:7)
  12 swamp worms
  A warg (shapeshifter) (Lair:5)
  5 wargs
  2 harpy simulacra (IceCv)
  Edmund (D:4)
  An acid dragon (D:13)
  4 hydra simulacra (Swamp:4)
  18 water moccasins
  Duvessa (D:5)
  6 swamp drakes
  22 orc warriors
  2 swamp dragon zombies (Swamp:4)
  2 hell hounds (Spider:1)
  A sky beast (D:7)
  5 black bears
  An ice beast (D:7)
  22 ogres
  12 wolves
  3 boggarts (Vaults:3)
  14 centaurs
  A swamp dragon skeleton (Swamp:4)
  A phantom (D:5)
  5 kobold brigands
  Blork the orc (Orc:2)
  8 bullfrogs
  4 earth elementals
  3 gnoll sergeants
  4 two-headed ogre simulacra (IceCv)
  5 scorpions
  2 cane toad simulacra (IceCv)
  2 human skeletons (Vaults:3)
  16 wights
  Dowan (D:5)
  6 killer bees (D:10)
  2 elephant simulacra (IceCv)
  3 electric eels
  A crimson imp (Orc:2)
  A quasit (Zot:1)
  7 lava snakes (Volcano)
  An iron imp (Orc:2)
  21 orc priests
  6 hounds
  A jelly (D:5)
  A gnoll bouda (D:6)
  7 iguanas
  26 orc wizards
  5 hell rats (Lair:2)
  2 polar bear simulacra (IceCv)
  6 spriggan simulacra (IceCv)
  4 troll simulacra (IceCv)
  2 wolf simulacra (IceCv)
  22 gnolls
  7 adders
  8 naga simulacra (IceCv)
  2 river rats (D:6)
  2 shadow imps
  5 white imps
  9 ufetubi
  3 worms
  3 dart slugs
  102 orcs
  10 bats
  5 endoplasms
  6 giant cockroaches
  9 goblins
  2 hobgoblins
  7 jackals
  2 quokkas
  16 ball pythons
  2 frilled lizards
  28 kobolds
  8 rats
  A lurking horror (Swamp:2)
  A spectral weapon (Depths:3)
2442 creatures vanquished.

Vanquished Creatures (collateral kills)
  A broodmother (Spider:3)
  A steelbarb worm (Spider:3)
  A moth of wrath (Zot:3)
3 creatures vanquished.

Vanquished Creatures (others)
  A lich (Zot:5)
  A draconian shifter (Zot:5)
  A purple draconian (Zot:5)
  A large abomination (Zot:5)
  A moth of wrath (Spider:1)
  A bloated husk (Swamp:2)
  4 foxfires
10 creatures vanquished.

Grand Total: 2455 creatures vanquished

Notes
Turn   | Place    | Note
-------+----------+-------------------------------------------
     0 | D:1      | juan097 the Gargoyle Earth Elementalist began the quest for
                  | the Orb.
     0 | D:1      | Reached XP level 1. HP: 10/10 MP: 3/3
   102 | D:1      | Found a faded altar of an unknown god.
   209 | D:1      | Reached XP level 2. HP: 15/15 MP: 3/5
   604 | D:1      | Reached XP level 3. HP: 19/19 MP: 1/6
  1237 | D:2      | Reached XP level 4. HP: 24/24 MP: 6/8
  1933 | D:3      | Found a sparkling altar of Nemelex Xobeh.
  2385 | D:3      | Found a hide-covered altar of Uskayaw.
  2907 | D:4      | Reached XP level 5. HP: 28/28 MP: 6/10
  2938 | D:4      | Noticed a steam dragon
  2950 | D:3      | Learned a level 2 spell: Passwall
  2954 | D:3      | Learned a level 3 spell: Stone Arrow
  3120 | D:4      | Reached skill level 1 in Transmutations
  3357 | D:4      | Killed a steam dragon
  3358 | D:4      | Reached skill level 5 in Earth Magic
  3358 | D:4      | Reached XP level 6. HP: 31/32 MP: 7/12
  3460 | D:4      | Noticed a black bear
  3461 | D:4      | Reached XP level 7. HP: 36/36 MP: 10/13
  3538 | D:4      | Found Mynuxugh's Antique Armour Shoppe.
  3545 | D:4      | Bought a dyed leather armour for 125 gold pieces
  3563 | D:4      | Learned a level 4 spell: Petrify
  3683 | D:4      | Reached skill level 1 in Fighting
  3839 | D:4      | Found a staircase to the Ecumenical Temple.
  3844 | Temple   | Entered the Ecumenical Temple
  3853 | Temple   | Became a worshipper of Vehumet
  3965 | D:4      | Found a shimmering blue altar of Sif Muna.
  4050 | D:4      | Noticed Edmund
  4075 | D:5      | Entered Level 5 of the Dungeon
  4134 | D:5      | Noticed Duvessa
  4135 | D:5      | Noticed Dowan
  4191 | D:5      | Reached skill level 2 in Fighting
  4400 | D:4      | Killed Edmund
  4401 | D:4      | Reached XP level 8. HP: 44/44 MP: 4/14
  4510 | D:4      | Found a hazy altar of Hepliaklqana.
  5257 | D:5      | Reached skill level 3 in Fighting
  5661 | D:5      | Reached skill level 5 in Spellcasting
  5768 | D:5      | Killed Duvessa
  5899 | D:5      | Killed Dowan
  5979 | D:6      | Reached * piety under Vehumet
  5979 | D:6      | Offered knowledge of Foxfire by Vehumet.
  6089 | D:6      | Reached skill level 4 in Fighting
  6089 | D:6      | Reached XP level 9. HP: 39/52 MP: 14/17
  6252 | D:6      | Found a glowing drain.
  6334 | Sewer    | Entered a sewer
  6535 | Sewer    | Reached ** piety under Vehumet
  6551 | Sewer    | Offered knowledge of Momentum Strike by Vehumet.
  6884 | D:6      | Offered knowledge of Scorch by Vehumet.
  6885 | D:6      | Reached skill level 5 in Fighting
  7382 | D:6      | Reached *** piety under Vehumet
  7550 | D:4      | Bought a pair of embroidered gloves for 187 gold pieces
  7698 | D:7      | Reached skill level 6 in Fighting
  7704 | D:7      | Learned a level 3 spell: Mephitic Cloud
  7903 | D:7      | Noticed Menkaure
  7908 | D:7      | Killed Menkaure
  7909 | D:7      | Reached skill level 1 in Armour
  7909 | D:7      | Reached skill level 1 in Poison Magic
  7964 | D:7      | Reached skill level 1 in Air Magic
  8011 | D:7      | Noticed Maggie
  8031 | D:7      | Killed Maggie
  8032 | D:7      | Reached XP level 10. HP: 60/61 MP: 17/19
  8054 | D:7      | Offered knowledge of Frozen Ramparts by Vehumet.
  8066 | D:7      | Found Riewash's Antique Armour Shop.
  8105 | D:7      | Noticed a cyan ugly thing
  8423 | D:7      | Found a glowing golden altar of the Shining One.
  8437 | D:7      | Reached skill level 7 in Fighting
  9080 | D:8      | Reached **** piety under Vehumet
  9125 | D:8      | Found an iron altar of Okawaru.
  9216 | D:8      | Offered knowledge of Irradiate by Vehumet.
  9224 | D:8      | Learned a level 5 spell: Irradiate
  9242 | D:8      | Reached skill level 1 in Short Blades
  9338 | D:8      | Noticed Maurice
  9355 | D:8      | Killed Maurice
  9356 | D:8      | Reached skill level 5 in Transmutations
  9469 | D:8      | Found a runed translucent door.
  9473 | D:8      | Noticed a purple ugly thing
  9481 | D:8      | Reached skill level 5 in Stealth
  9489 | D:8      | Noticed a cyclops
  9556 | D:8      | Noticed a red ugly thing
  9603 | D:8      | Found Buh Aninyi's Book Emporium.
  9749 | D:8      | Reached skill level 8 in Fighting
  9749 | D:8      | Reached XP level 11. HP: 68/68 MP: 6/20
  9976 | D:8      | Killed a cyclops
 10069 | D:8      | Noticed a catoblepas
 10074 | D:8      | Identified the +9 shortbow "Qocisit" {flame, rElec MP+9}
 10095 | D:8      | Killed a catoblepas
 10096 | D:8      | Reached skill level 10 in Earth Magic
 10257 | D:8      | Identified the +5 great sword "Fiuhaete" {freeze, rN+
                  | rCorr}
 10696 | D:9      | Found Ixukithow's Serpentskin Sales.
 11172 | D:9      | Found a white marble altar of Elyvilon.
 11366 | D:9      | Reached skill level 1 in Evocations
 11393 | D:10     | Entered Level 10 of the Dungeon
 11393 | D:10     | Noticed a two-headed ogre
 11397 | D:10     | Killed a two-headed ogre
 11398 | D:10     | Reached skill level 9 in Fighting
 11398 | D:10     | Reached skill level 5 in Conjurations
 11443 | D:10     | Reached skill level 1 in Ranged Weapons
 11443 | D:10     | Reached ***** piety under Vehumet
 11456 | D:10     | Offered knowledge of Fulminant Prism by Vehumet.
 11734 | D:7      | Killed a cyan ugly thing
 11761 | D:7      | Bought a pair of embroidered boots for 240 gold pieces
 11812 | D:8      | Killed a red ugly thing
 11874 | D:8      | Killed a purple ugly thing
 12053 | D:10     | Found a snail-covered altar of Cheibriados.
 12053 | D:10     | Found a basalt altar of Yredelemnul.
 12102 | D:10     | Reached XP level 12. HP: 76/77 MP: 21/21
 12471 | D:11     | Noticed a centaur warrior
 12486 | D:11     | Reached skill level 10 in Fighting
 12488 | D:11     | Killed a centaur warrior
 12684 | D:9      | Bought a scroll of poison for 52 gold pieces
 12989 | D:11     | Found a staircase to the Lair.
 13347 | Lair:1   | Entered Level 1 of the Lair of Beasts
 13641 | Lair:1   | Noticed Harold
 13649 | Lair:1   | Killed Harold
 13667 | Lair:1   | Reached skill level 5 in Short Blades
 14301 | Lair:2   | Reached XP level 13. HP: 84/84 MP: 23/23
 14322 | Lair:2   | Reached skill level 11 in Fighting
 14539 | Lair:2   | Found a hole to the Spider Nest.
 15009 | Lair:2   | Found a staircase to the Swamp.
 15458 | Lair:3   | Noticed Gastronok
 15529 | Lair:3   | Reached skill level 12 in Fighting
 15539 | Lair:3   | Offered knowledge of Starburst by Vehumet.
 15578 | Lair:3   | Learned a level 6 spell: Starburst
 15635 | Lair:3   | Killed Gastronok
 15636 | Lair:3   | Reached skill level 1 in Fire Magic
 15663 | Lair:3   | Found a dark tunnel.
 15765 | Volcano  | Entered a volcano
 15814 | Volcano  | Found a burning altar of Makhleb.
 15919 | Volcano  | Noticed a red draconian
 15928 | Volcano  | Killed a red draconian
 16991 | Lair:3   | Noticed Nessos
 16997 | Lair:3   | Killed Nessos
 16998 | Lair:3   | Reached skill level 5 in Fire Magic
 17414 | Lair:4   | Gained mutation: Your large and strong wings let you fly.
                  | [Gargoyle growth]
 17414 | Lair:4   | Reached XP level 14. HP: 85/92 MP: 15/27
 17626 | Lair:4   | Reached skill level 13 in Fighting
 17696 | Lair:4   | Found the +4 skin of Zhor {*Englaciate rC+++ SInv}
 18036 | Lair:4   | Identified the +5 quarterstaff "Vecuehot" {venom, rElec
                  | rF++ Dex+3 Stlth-}
 18152 | Lair:4   | Found a staircase to the Slime Pits.
 18153 | Lair:4   | Found a viscous altar of Jiyva.
 18439 | Lair:5   | Entered Level 5 of the Lair of Beasts
 18919 | Lair:5   | Noticed Rupert
 19120 | D:12     | Reached skill level 10 in Spellcasting
 19283 | D:12     | Reached skill level 14 in Fighting
 19418 | D:12     | Found Omuexeh's Book Shoppe.
 19451 | D:12     | Reached ****** piety under Vehumet
 20030 | D:12     | Offered knowledge of Conjure Ball Lightning by Vehumet.
 20042 | D:12     | Found a staircase to the Orcish Mines.
 20260 | D:12     | Noticed Snorg
 20269 | D:12     | Killed Snorg
 20427 | Orc:1    | Entered Level 1 of the Orcish Mines
 20457 | Orc:1    | Reached skill level 5 in Evocations
 20557 | Orc:1    | Noticed Jorgrun
 20575 | Orc:1    | Killed Jorgrun
 20890 | Orc:1    | Reached XP level 15. HP: 100/100 MP: 23/29
 21133 | Orc:2    | Entered Level 2 of the Orcish Mines
 21133 | Orc:2    | Found a staircase to the Elven Halls.
 21152 | Orc:2    | Reached skill level 10 in Conjurations
 21281 | Orc:2    | Found Qaodoc's Assorted Antiques.
 21282 | Orc:2    | Found Giarphoo's Weapon Shop.
 21287 | Orc:2    | Found Seza's Assorted Antiques.
 21298 | Orc:2    | Found a frozen archway.
 21325 | IceCv    | Entered an ice cave
 21474 | IceCv    | Offered knowledge of Lee's Rapid Deconstruction by Vehumet.
 21535 | IceCv    | Learned a level 5 spell: Lee's Rapid Deconstruction
 21946 | IceCv    | Got the Handbook of Niveous Interference
 21951 | IceCv    | Got the Folio of Refrigeration
 22202 | Orc:2    | Found Boagefem's Armour Shoppe.
 22470 | Orc:2    | Noticed Blork the orc
 22472 | Orc:2    | Killed Blork the orc
 22760 | Orc:2    | Offered knowledge of Leda's Unmaking by Vehumet.
 22992 | Orc:2    | Learned a level 6 spell: Leda's Unmaking
 23004 | Orc:2    | Bought a steaming staff for 348 gold pieces
 23004 | Orc:2    | Identified the staff of the Scorpion {*Slow rPois Dex+4
                  | Poison} (You bought it in a shop on level 2 of the Orcish
                  | Mines)
 23018 | Orc:2    | Bought a pair of glowing boots for 225 gold pieces
 23031 | Orc:2    | Bought a scroll of blinking for 225 gold pieces
 23275 | Lair:5   | Paralysed by Rupert for 4 turns
 23286 | Lair:5   | Killed Rupert
 23943 | Lair:5   | Reached XP level 16. HP: 103/107 MP: 26/31
 24245 | Lair:5   | Found the +10 morningstar "Eos" {elec, Halo rElec}
 24331 | Lair:5   | Found a corrupted altar of Lugonu.
 24331 | Lair:5   | Found a one-way gate to the infinite horrors of the Abyss.
 24901 | D:13     | Found a gate to the Vaults.
 24904 | D:13     | Reached skill level 15 in Fighting
 24907 | D:13     | Offered knowledge of Yara's Violent Unravelling by Vehumet.
 24914 | D:13     | Learned a level 5 spell: Yara's Violent Unravelling
 25019 | D:13     | Reached skill level 1 in Hexes
 25682 | D:13     | Found a shadowy altar of Dithmenos.
 26329 | D:14     | Found Uhuy's Magic Scroll Emporium.
 26372 | D:14     | Bought a scroll of teleportation for 45 gold pieces
 26372 | D:14     | Bought a scroll of identify for 30 gold pieces
 26373 | D:14     | Bought a scroll of identify for 30 gold pieces
 26706 | D:15     | Entered Level 15 of the Dungeon
 26757 | D:15     | Identified a scroll of acquirement
 26994 | D:15     | Reached skill level 16 in Fighting
 27060 | D:15     | Noticed Roxanne
 27096 | D:15     | Reached skill level 5 in Hexes
 27237 | D:15     | Offered knowledge of Ignition by Vehumet.
 27270 | D:15     | Found a staircase to the Depths.
 27552 | D:15     | Killed Roxanne
 27797 | Swamp:1  | Entered Level 1 of the Swamp
 28054 | Swamp:1  | You are sucked into a shaft and drop 1 floor!
 28093 | Swamp:2  | Found a corrupted altar of Lugonu.
 28449 | Swamp:1  | Reached XP level 17. HP: 115/115 MP: 26/33
 28753 | Swamp:1  | Identified the amulet of Imeac {RegenMP rElec Str+5}
 28883 | Lair:3   | Noticed Urug
 28890 | Lair:3   | Killed Urug
 29797 | Swamp:3  | Learned a level 8 spell: Ignition
 29972 | Swamp:3  | Identified the +10 falchion "Tikih" {freeze, rPois}
 29993 | Swamp:3  | Reached skill level 1 in Shields
 30508 | Swamp:4  | Entered Level 4 of the Swamp
 30700 | Swamp:4  | Reached skill level 5 in Shields
 30834 | Swamp:4  | Reached skill level 10 in Fire Magic
 31301 | Swamp:4  | Found a blossoming altar of Fedhas.
 31585 | Swamp:4  | Reached skill level 5 in Dodging
 31638 | Swamp:4  | Found a basalt altar of Yredelemnul.
 31653 | Swamp:4  | Got a decaying rune of Zot
 31942 | Swamp:4  | Reached skill level 5 in Armour
 32291 | Spider:1 | Entered Level 1 of the Spider Nest
 32301 | Spider:1 | Reached XP level 18. HP: 122/122 MP: 15/36
 32322 | Lair:2   | Reached skill level 1 in Maces & Flails
 32393 | Spider:1 | Noticed Azrael
 32619 | Spider:1 | Killed Azrael
 32818 | Spider:1 | Noticed Nikola
 32829 | Spider:1 | Killed Nikola
 32909 | Spider:1 | Noticed Agnes
 32981 | Spider:1 | Killed Agnes
 33019 | Spider:1 | Offered knowledge of Fire Storm by Vehumet.
 33019 | Spider:1 | Offered knowledge of Shatter by Vehumet.
 33019 | Spider:1 | Offered knowledge of Chain Lightning by Vehumet.
 34243 | Spider:2 | Reached skill level 17 in Fighting
 34702 | Spider:2 | Identified the +1 robe of Untruth {Fly rCorr Int-2}
 34814 | Spider:2 | Found the +11 Singing Sword {sonic wave}
 35265 | Spider:3 | Reached skill level 5 in Maces & Flails
 36291 | Spider:4 | Entered Level 4 of the Spider Nest
 36452 | Spider:4 | Reached XP level 19. HP: 114/128 MP: 3/37
 37332 | Spider:4 | Identified the +2 cloak of a bailey {rC+}
 37803 | Spider:4 | Got a gossamer rune of Zot
 38134 | Vaults:1 | Entered Level 1 of the Vaults
 38849 | Vaults:1 | Found Fodatt's Jewellery Emporium.
 39544 | Vaults:1 | Reached skill level 10 in Dodging
 40264 | Vaults:2 | Learned a level 5 spell: Borgnjor's Vile Clutch
 40276 | Vaults:2 | Reached skill level 1 in Necromancy
 40492 | Vaults:2 | Reached XP level 20. HP: 134/134 MP: 33/38
 40512 | Vaults:2 | Reached skill level 15 in Earth Magic
 42242 | Vaults:2 | Reached skill level 5 in Necromancy
 42289 | Vaults:2 | Identified the +9 plate armour "Ydodup" {Harm +Blink rN++
                  | Int-5}
 42365 | Vaults:2 | Found Naogy's General Store.
 42946 | Vaults:3 | Found a magical portal.
 42963 | WizLab   | Entered Iskenderun's Mystic Tower
 43489 | WizLab   | Reached skill level 10 in Maces & Flails
 44110 | WizLab   | Got Iskenderun's Directory of Bombardment
 44110 | WizLab   | Got Iskenderun's Codex of Hurting
 44270 | Vaults:3 | Reached XP level 21. HP: 72/139 MP: 11/39
 45368 | Vaults:3 | Found Ovaet's Weapon Shop.
 45501 | Vaults:3 | Reached skill level 18 in Fighting
 45614 | Vaults:3 | Reached skill level 15 in Spellcasting
 45979 | Vaults:3 | Found a staircase to the Crypt.
 46457 | Vaults:4 | Identified the ring of Ybronuo {rN+ Str+9 Int+6 Dex-5
                  | Stlth+}
 46607 | Vaults:4 | Noticed Mennas
 46840 | Elf:1    | Entered Level 1 of the Elven Halls
 46921 | Elf:1    | Found a transporter.
 47024 | Elf:1    | Found a transporter.
 47056 | Elf:1    | Found Poashruf's Antique Armour Shop.
 47073 | Elf:1    | Bought a glowing cloak for 285 gold pieces
 47122 | Elf:1    | Found Zurghalann's General Store.
 47356 | Elf:1    | Found Ihui's Assorted Antiques.
 47381 | Elf:1    | Bought a pair of runed gloves for 247 gold pieces
 47699 | Elf:1    | Reached XP level 22. HP: 148/148 MP: 19/41
 47885 | Elf:1    | Found Qycian's Assorted Antiques.
 48487 | Elf:2    | Found a runed translucent gate.
 48488 | Elf:2    | Found a runed translucent gate.
 48488 | Elf:2    | Found a runed translucent gate.
 48587 | Elf:2    | Found Arhem's Weapon Boutique.
 48594 | Elf:2    | Found Ariuf's Magic Scroll Boutique.
 49461 | Elf:3    | Entered Level 3 of the Elven Halls
 49776 | Elf:3    | Found Ichim's Armour Shoppe.
 50025 | Elf:3    | Reached skill level 19 in Fighting
 50355 | Elf:3    | Identified the +0 scale mail of Dishonesty {+Inv}
 50355 | Elf:3    | Identified the ring "Woinoh" {*Slow rElec rF+ Will+ Int+6
                  | Dex+2}
 50508 | Elf:3    | Identified the +6 quarterstaff of Circularity {venom, rF-
                  | Str+5}
 50536 | Elf:3    | Reached skill level 10 in Evocations
 50667 | Elf:3    | Identified the +7 plate armour of Jiobbill {Contam Str+5
                  | Dex+3}
 50688 | Elf:3    | Identified the +11 mace "Heducar" {antimagic, *Rage rElec
                  | rPois Str+2 Int+4}
 50695 | Elf:3    | Got Sif Muna's Elucidation of the Bouncing Defenders
 50701 | Elf:3    | Identified the +9 short sword of Qoxuabb {flame, rC+}
 51201 | Elf:1    | Identified the amulet of Lavagow {RegenMP Str+5}
 51209 | Elf:1    | Identified the +0 pair of boots "Foofer" {rCorr}
 51215 | Elf:1    | Identified the +6 spear of the Bursting Tiger {holy, Will+
                  | Stlth+}
 51342 | D:14     | Bought a scroll of enchant weapon for 112 gold pieces
 51643 | Vaults:1 | Acquired the amulet of Noivuq Odas {Acrobat +Blink +Inv
                  | Regen+ Str+3}
 51758 | Elf:1    | Learned a level 9 spell: Shatter
 52005 | Depths:1 | Entered Level 1 of the Depths
 52056 | Depths:1 | Learned a level 2 spell: Blink
 52228 | Depths:1 | Found a gateway to Hell.
 52282 | Depths:1 | Reached skill level 1 in Translocations
 52298 | Depths:1 | Reached skill level 10 in Armour
 52298 | Depths:1 | Reached XP level 23. HP: 103/155 MP: 12/43
 52669 | Depths:1 | Found a broken altar of Ashenzari.
 52887 | Depths:1 | Found a one-way gate leading to the halls of Pandemonium.
 54686 | Depths:2 | You are sucked into a shaft and drop 1 floor!
 54881 | Depths:3 | Reached skill level 20 in Fighting
 54930 | Depths:3 | Noticed a juggernaut
 54932 | Depths:3 | Noticed a juggernaut
 54938 | Depths:3 | Noticed a juggernaut
 54943 | Depths:3 | Killed a juggernaut
 54944 | Depths:3 | Reached skill level 5 in Translocations
 55481 | Depths:3 | Noticed a juggernaut
 55489 | Depths:3 | Killed a juggernaut
 55537 | Depths:3 | Killed a juggernaut
 55640 | Depths:2 | Found an ornate altar of the Wu Jian Council.
 55702 | Depths:2 | Acquired Xime's Lectures on Macabre Transmogrification
 56338 | Depths:3 | Killed a juggernaut
 56483 | Depths:3 | Reached XP level 24. HP: 123/163 MP: 18/43
 56659 | Depths:3 | Noticed a caustic shrike
 56667 | Depths:3 | Killed a caustic shrike
 56724 | Depths:3 | Noticed a caustic shrike
 56728 | Depths:3 | Killed a caustic shrike
 57353 | Depths:4 | Entered Level 4 of the Depths
 57646 | Depths:4 | Found a gate to the Realm of Zot.
 57922 | Depths:4 | Found a one-way gateway to a ziggurat.
 59395 | Vaults:4 | Killed Mennas
 59500 | Vaults:4 | Noticed Boris
 59689 | Vaults:4 | Found Catuotol's Jewellery Shop.
 59859 | Vaults:4 | Killed Boris
 60178 | Vaults:4 | Reached skill level 21 in Fighting
 60197 | Vaults:4 | Reached XP level 25. HP: 171/171 MP: 26/44
 60544 | Vaults:5 | Entered Level 5 of the Vaults
 60557 | Vaults:5 | Reached skill level 22 in Fighting
 61117 | Vaults:5 | Reached skill level 23 in Fighting
 61244 | Vaults:5 | Noticed an ancient lich
 61247 | Vaults:5 | Killed an ancient lich
 61641 | Vaults:5 | Identified the ring "Qikky" {rF+ rN+ MP+9}
 61810 | Vaults:5 | Identified the +0 leather armour of the Cicada {-Cast rC+
                  | Str+6}
 61955 | Vaults:5 | Found the crystal ball of Wucad Mu {*channel}
 62122 | Vaults:5 | Got Deygorgha's Directory of Correspondence
 62220 | Vaults:5 | Found the +3 salamander hide armour {Flames, rFlCloud rF++
                  | rC--}
 62227 | Vaults:5 | Identified the staff "Giugusecs" {*Corrode Fly rF+ Fire
                  | Air}
 62228 | Vaults:5 | Identified the staff "Asot" {rF+ Int+4 Dex+3 Necro Fire}
 62237 | Vaults:5 | Got a silver rune of Zot
 62292 | Vaults:5 | Identified the staff "Ucwes" {Contam rElec rN+ Str+5 Conj
                  | Necro}
 62719 | Zot:1    | Entered Level 1 of the Realm of Zot
 62854 | Depths:4 | Reached skill level 24 in Fighting
 62912 | Zot:1    | Reached XP level 26. HP: 184/184 MP: 31/44
 64081 | Zot:2    | Noticed an orb of fire
 64089 | Zot:2    | Gained mutation: Potions are less effective at restoring
                  | your health. [an orb of fire]
 64090 | Zot:2    | Killed an orb of fire
 64680 | Zot:2    | Noticed Parghit
 64688 | Zot:2    | Killed Parghit
 65279 | Zot:3    | Reached skill level 25 in Fighting
 67156 | Zot:3    | Learned a level 8 spell: Lehudib's Crystal Spear
 67523 | Zot:4    | Identified the ring of Gidas {Ice Will+ Int+4 Dex+4}
 67523 | Zot:4    | Noticed Josephina
 67532 | Zot:4    | Killed Josephina
 67533 | Zot:4    | Reached skill level 1 in Throwing
 68047 | Zot:5    | Entered Level 5 of the Realm of Zot
 68234 | Zot:5    | Reached XP level 27. HP: 145/193 MP: 44/44
 68578 | Zot:5    | Noticed an orb of fire
 68594 | Zot:5    | Gained mutation: Your body sometimes deteriorates upon
                  | taking damage. [an orb of fire]
 68915 | Zot:5    | Noticed an ancient lich
 68917 | Zot:5    | Killed an ancient lich
 69012 | Zot:5    | Noticed an ancient lich
 69014 | Zot:5    | Killed an ancient lich
 69042 | Zot:5    | Killed an orb of fire
 69065 | Zot:5    | Noticed an orb of fire
 69070 | Zot:5    | Killed an orb of fire
 69309 | Zot:5    | Reached skill level 5 in Throwing
 70127 | Zot:5    | Reached skill level 15 in Conjurations
 70152 | Zot:5    | Noticed an orb of fire
 70167 | Zot:5    | Killed an orb of fire
 70293 | Zot:5    | Noticed an ancient lich
 70297 | Zot:5    | Killed an ancient lich
 70998 | Elf:1    | Bought a runed helmet for 247 gold pieces
 71032 | Elf:1    | Bought a runed helmet for 285 gold pieces
 71318 | Slime:1  | Entered Level 1 of the Pits of Slime
 71617 | Slime:5  | Entered Level 5 of the Pits of Slime
 71617 | Slime:5  | Found the +2 Maxwell's thermic engine {flame, freeze, rev}
 71868 | Slime:5  | Gained mutation: You occasionally lose the ability to drink
                  | potions when taking damage. [a shining eye]
 71900 | Slime:5  | Noticed the Royal Jelly
 71956 | Slime:5  | Found the +5 scythe "Finisher" {speed, execute}
 71996 | Slime:5  | Reached skill level 15 in Armour
 72107 | Slime:5  | Found a viscous altar of Jiyva.
 72173 | Slime:5  | Killed the Royal Jelly
 72332 | Slime:5  | Got a slimy rune of Zot
 72347 | Slime:5  | Got the Guidebook on the Glacial Flock
 72352 | Slime:5  | Identified the +7 scimitar of the Cup {venom, rPois Will+
                  | Dex+3}
 72386 | Slime:5  | Identified the amulet "Loofeoni" {Faith Str+2}
 72396 | Slime:5  | Identified the +5 long sword of Superiority {drain, rElec
                  | Will+}
 73053 | Zot:5    | Got the Orb of Zot
 73088 | Zot:5    | Noticed Uckydom the pandemonium lord
 73094 | Zot:5    | Killed Uckydom the pandemonium lord
 73144 | Zot:2    | Noticed Woqemm the pandemonium lord
 73163 | Zot:1    | Noticed Bodghiri the pandemonium lord
 73177 | Zot:1    | Killed Bodghiri the pandemonium lord
 73285 | Depths:4 | Noticed Erasuwn the pandemonium lord
 73659 | D:3      | Noticed Fuosch the pandemonium lord
 73700 | D:$      | Escaped with the Orb!

Illustrated notes

Levels and vault maps discovered:
D:1:      spicycebolla_green_bress_n_ham_2, layout_loops_ring,
          basic_ecumenical_altar, st_stairs_11
D:2:      cheibrodos_helix_gallery, layout_basic, serial_forest,
          infiniplex_forest_clump_diagonal, infiniplex_forest_3_way,
          infiniplex_forest_lined_room_, infiniplex_forest_lined_ring,
          infiniplex_forest_zigzag_1, infiniplex_forest_end_2,
          infiniplex_forest_straight_1
D:3:      layout_loops_corners, mainiacjoe_overflow_small_starburst,
          nemelex_xobeh_ov_fountains_minmay, serial_bayou_ford_a,
          hangedman_decor_opposing, minivault_19, corexii_corridor_pit,
          corexii_item_surrounded_by_moat
D:4:      layout_rooms, nzn_hepliaklqana_mist_gate,
          mainiacjoe_overflow_alcove_4, minmay_temple_entry_drinking_statues,
          serial_shops, shop, uniq_edmund
D:5:      layout_loops_corners, uniq_duvessa
D:6:      layout_cave_pools, portal_sewer_entry_c
D:7:      layout_basic, mainiacjoe_overflow_24_doors, serial_shops,
          nicolae_shop_trees, uniq_maggie, uniq_menkaure
D:8:      minmay_the_grid_triangle_9x9_recursive_2
          [minmay_the_grid_triangle_9x9_prize_center,
          minmay_the_grid_triangle_9x9_subtriangle,
          minmay_the_grid_triangle_9x9_longest,
          minmay_the_grid_triangle_9x9_odd_lines], layout_gridville,
          mainiacjoe_overflow_boulevard, serial_shops, shop, uniq_maurice
D:9:      layout_small_grid, elyvilon_altar_4, guppyfry_shop_venom
D:10:     layout_roguey, nicolae_overflow_two_pavilions
D:11:     layout_basic, minmay_lair_entry_grove
D:12:     layout_loops_corners, david_orc_5, serial_shops, shop,
          grunt_ministairs_3, uniq_snorg
D:13:     layout_basic, erik_vaults_2, nicolae_nh_vlads_tower
D:14:     layout_basic, serial_shops, shop, minivault_23,
          kennysheep_generic_room_14
D:15:     hangedman_depths_entry_civil_slaughter, layout_rooms, uniq_roxanne
Temple:   nicolae_temple_ecumenical_triangle
Lair:1:   layout_gridlike, grunt_megastairs_5, uniq_harold
Lair:2:   layout_cave_pods, skrybe_swamp_entry_bodies,
          nicolae_spider_entry_non_spiders
Lair:3:   layout_small_grid, nicolae_volcano_entry_vermiform,
          grunt_megastairs_1, uniq_urug, uniq_gastronok, uniq_nessos
Lair:4:   layout_gridlike, slime_entry_1, hellmonk_guarded_unrand_zhor,
          infiniplex_staircase_pool
Lair:5:   hellmonk_lair_end_abyssal_woods, layout_concentric_octagons,
          grunt_megastairs_4, infiniplex_staircase_pool_2, lemuel_fruit_tree,
          uniq_rupert
Swamp:1:  layout_basic_swamp, evilmike_swamp_ruin_house_5, nicolae_swamp_oxbows
Swamp:2:  layout_falls_marsh, evilmike_swamp_ruin_rubble_2, swamp_pool2,
          amcnicky_altar_lugonu_corruption
Swamp:3:  layout_basic_swamp, evilmike_swamp_ruin_house_4, swamp_pool4
Swamp:4:  byrel_swamp_growth_death_and_undeath, layout_basic_swamp, swamp_pool1
Spider:1: nicolae_spider_hall_of_the_moth_king, uniq_agnes, uniq_nikola,
          uniq_azrael
Spider:2: layout_spider_delve, hangedman_stitches_earthworm
Spider:3: layout_spider_delve
Spider:4: spider_rune_water
Slime:1:  cheibrodos_slime_lost_civilization_1, layout_caves
Slime:2:  layout_caves, nicolae_slime_phagocytosis
Slime:3:  layout_caves, cheibrodos_slime_lost_civilization_4
Slime:4:  layout_caves
Slime:5:  slime_pit_nicolae_jellycorners
Orc:1:    layout_caves, uniq_jorgrun
Orc:2:    st_orc_open, layout_caves, portal_ice_cave_entry_animals_and_master,
          hangedman_minor_magic
Elf:1:    gammafunk_sealed_arena, layout_gridlike, serial_shops, shop,
          nicolae_shop_window_shopping, nicolae_shop_trees,
          nicolae_shop_window_shopping, evilmike_minifort
Elf:2:    nicolae_elf_blades_crystal_corner, layout_onion_city,
          nicolae_wooded_promenade
Elf:3:    grunt_elf_hall_diamonds, layout_onion_city, serial_shops,
          nicolae_shop_tiny_real_fake_doors
Vaults:1: hangedman_vaults_trim, hangedman_vaults_unwind,
          nicolae_vaults_storage_room_doors, v_misc_14,
          nicolae_vaults_halls_meeting, vaults_mumra_chevron,
          nicolae_vaults_surprise_closet, nicolae_vaults_triangles,
          grunt_vaults_hallway_long, v_misc_5, vaults_room_fancy_cross,
          grunt_vaults_swirl, vaults_room_hallway, layout_vaults_omnibox,
          serial_shops, nicolae_lakefront_shop
Vaults:2: vaults_mumra_hex, nicolae_vaults_network_quinsquares
          [nicolae_vaults_network_quincunx_subvault,
          nicolae_vaults_network_quincunx_subvault,
          nicolae_vaults_network_quincunx_subvault,
          nicolae_vaults_network_quincunx_subvault], nicolae_vaults_wrenched,
          nicolae_vaults_closet_pinwheel_4, nicolae_vaults_mitosis,
          nicolae_vaults_ninety_degrees, vaults_room_glass_cross,
          vaults_room_semicircle, nicolae_vaults_two_Ls, layout_vaults_big_room,
          serial_shops, nicolae_shop_behind_doors
Vaults:3: mu_enter_wizlab_4, minmay_crypt_entry_simple_plaza, v_rooms_1,
          nicolae_vaults_heart-shaped_vault, v_misc_27, vaults_dpeg_cross,
          v_alt_pattern_3, nicolae_vaults_thirteen_compartments,
          nicolae_vaults_border_crossing, vaults_mumra_minichess, v_pattern_1,
          nicolae_vaults_little_squares_5, nicolae_vaults_shelves_hall,
          layout_vaults_omnicross, serial_shops, nicolae_shop_behind_doors
Vaults:4: nicolae_vaults_arrows, nicolae_vaults_double_plus_1,
          nicolae_vaults_tetromino_Z_1, nicolae_vaults_security_offices_3,
          nicolae_vaults_double_plus_1, nicolae_vaults_network_star,
          vaults_room_pool, v_misc_1, nicolae_vaults_what_the_h,
          nicolae_vaults_puzzle_piece, layout_vaults_maze_bifur, serial_shops,
          shop, uniq_mennas, uniq_boris
Vaults:5: uniq_margery
Depths:1: layout_small_grid, hell_entry, nicolae_titane, rand_demon_pan_entry_9,
          nicolae_ashenzari_skybound
Depths:2: kennysheep_bubbly, layout_gridlike, pan_entry, hell_entry,
          nicolae_wu_jian_wuxing_cycle, infiniplex_staircase_pool_1
Depths:3: minmay_tearing_corner, layout_gridlike, pf_hell_entry_great_geh,
          abyss_entry, roderic_malta_cross
Depths:4: grunt_crosshair, layout_gridlike, enter_ziggurat_d,
          hangedman_tar_grid_catacomb, columned_hall_lemuel,
          minmay_misc_feat_encased
Zot:1:    layout_misc_corridors
Zot:2:    layout_twisted_circle, uniq_parghit
Zot:3:    layout_cathedral_of_symmetry
Zot:4:    layout_twisted_circle, uniq_josephina
Zot:5:    layout_twisted_circle

Skill      XL: |  1  2  3  4  5  6  7  8  9 10 11 12 13 14 15 16 17 18 19 20 21 22 23 24 25 26 27 |
---------------+----------------------------------------------------------------------------------+-----
Earth Magic    | 4 5 6 7 8 9 10 12 14 16 18 20 23 24 | 24.1
Spellcasting   | 3 4 5 6 7 9 10 11 12 14 15 16 17 | 17.0
Stealth        | 3 4 5 6 8 |  8.0
Transmutations | 1 2 4 5 6 |  6.7
Conjurations   | 2 3 4 6 9 12 16 | 16.0
Fighting       | 2 4 6 8 9 10 12 14 16 17 18 19 20 21 24 25 | 25.0
Dodging        | 2 3 4 5 7 10 | 10.0
Armour         | 2 3 5 6 7 10 14 15 | 15.4
Poison Magic   | 1 3 |  3.0
Air Magic      | 1 2 |  2.0
Short Blades   | 2 4 5 6 |  6.0
Evocations     | 3 4 5 8 10 11 14 | 14.1
Ranged Weapons | 2 4 |  4.0
Fire Magic     | 5 8 9 10 | 10.0
Hexes          | 6 7 |  7.2
Shields        | 6 |  6.0
Maces & Flails | 6 8 10 11 12 | 12.0
Necromancy     | 1 6 |  6.0
Translocations | 1 6 |  6.0
Throwing       | 2 8 |  8.0

Action                     |  1- 3 |  4- 6 |  7- 9 | 10-12 | 13-15 | 16-18 | 19-21 | 22-24 | 25-27 || total
---------------------------+-------+-------+-------+-------+-------+-------+-------+-------+-------++-------
  Melee: Dagger            |       |     1 |    25 |    54 |     6 |    53 |    18 |     1 |       ||   158
         Rapier            |       |       |    11 |    63 |       |       |       |       |       ||    74
         Punch             |       |       |     1 |     4 |       |       |       |       |       ||     5
         Quarterstaff      |       |       |       |       |     1 |     1 |       |       |       ||     2
         Morningstar       |       |       |       |       |       |    42 |   156 |    27 |    76 ||   301
         Eveningstar       |       |       |       |       |       |       |       |    52 |     3 ||    55
         Staff             |       |       |       |       |       |       |       |       |    10 ||    10
   Fire: Sling             |       |     8 |    15 |       |       |       |       |       |       ||    23
         Shortbow          |       |       |       |    32 |   196 |   126 |       |       |       ||   354
  Throw: Dart              |       |     3 |    11 |       |     6 |     5 |     3 |    11 |     1 ||    40
         Javelin           |       |       |       |       |       |       |       |     1 |     3 ||     4
   Cast: Sandblast         |    49 |    55 |   174 |    53 |       |       |       |       |       ||   331
         Stone Arrow       |       |     2 |    39 |   234 |   427 |   239 |    10 |       |       ||   951
         Passwall          |       |     1 |       |     3 |       |     1 |       |       |     2 ||     7
         Mephitic Cloud    |       |       |     1 |    44 |    18 |     5 |       |       |       ||    68
         Petrify           |       |       |     1 |       |     1 |     2 |       |       |       ||     4
         Irradiate         |       |       |       |     2 |     3 |     1 |       |       |    12 ||    18
         Starburst         |       |       |       |       |   118 |   121 |    90 |    38 |    13 ||   380
         Leda's Unmaking   |       |       |       |       |    22 |   279 |   282 |   243 |   501 ||  1327
         Lee's Rapid Decon |       |       |       |       |    22 |   139 |   317 |   384 |   139 ||  1001
         Yara's Violent Un |       |       |       |       |       |     1 |     3 |     1 |     2 ||     7
         Borgnjor's Vile C |       |       |       |       |       |       |    42 |    30 |     5 ||    77
         Shatter           |       |       |       |       |       |       |       |    29 |    87 ||   116
         Lehudib's Crystal |       |       |       |       |       |       |       |       |    33 ||    33
         Blink             |       |       |       |       |       |       |       |       |     5 ||     5
  Evoke: Wand              |       |       |       |       |    11 |     2 |     6 |     6 |     8 ||    33
         Tin of tremorston |       |       |       |       |     1 |     2 |       |       |       ||     3
         Box of beasts     |       |       |       |       |       |     1 |       |       |     1 ||     2
         Lightning rod     |       |       |       |       |       |       |     6 |     2 |     1 ||     9
         Phial of floods   |       |       |       |       |       |       |       |       |     2 ||     2
         Phantom mirror    |       |       |       |       |       |       |       |       |     1 ||     1
    Use: Scroll            |       |       |       |    11 |    11 |    16 |     7 |    17 |    15 ||    77
         Potion            |       |       |       |       |     2 |     4 |     4 |     2 |    13 ||    25
   Stab: Sleeping          |       |       |     1 |     1 |       |     4 |       |     1 |       ||     7
         Petrified         |       |       |     8 |       |       |       |       |       |       ||     8
         Confused          |       |       |     1 |    10 |     1 |     1 |       |       |       ||    13
 Armour: Robe              |     7 |    11 |       |       |       |       |       |       |       ||    18
         Leather armour    |       |       |    23 |    53 |    38 |       |       |       |       ||   114
         Animal skin       |       |       |       |       |    60 |   284 |   258 |   179 |   387 ||  1168
  Dodge: Dodged            |    12 |    17 |    74 |   138 |   151 |   270 |   254 |   116 |   308 ||  1340
  Block: Buckler           |       |       |       |       |       |    65 |   115 |    60 |    44 ||   284

Table legend: (Time is in decaauts)
 A = Elapsed time spent in this place.
 B = Non-inter-level travel time spent in this place.
 C = Inter-level travel time spent in this place.
 D = Time resting spent in this place.
 E = Time spent auto-exploring this place.
 F = Levels seen in this place.
 G = Mean time per level.
                   A        B        C        D        E       F      G
               +--------+--------+--------+--------+--------+-----+--------+
         Total |  74037 |  66929 |   7108 |   1512 |  51086 |  57 | 1298.9 |
       Dungeon |  19088 |  16011 |   3077 |    586 |  12021 |  15 | 1272.5 |
        Temple |     18 |     18 |      0 |      0 |      0 |   1 |   18.0 |
          Lair |   8086 |   6900 |   1186 |    388 |   4899 |   5 | 1617.2 |
         Swamp |   4190 |   4024 |    166 |     12 |   3156 |   4 | 1047.5 |
   Spider Nest |   4857 |   4691 |    166 |     85 |   3447 |   4 | 1214.2 |
    Slime Pits |   1284 |   1225 |     59 |      2 |    775 |   5 |  256.8 |
  Orcish Mines |   2068 |   1757 |    311 |     37 |   1173 |   2 | 1034.0 |
   Elven Halls |   4669 |   4218 |    451 |     18 |   3323 |   3 | 1556.3 |
        Vaults |  10742 |  10018 |    724 |     92 |   7946 |   5 | 2148.4 |
        Depths |   7585 |   6972 |    613 |    230 |   5528 |   4 | 1896.2 |
           Zot |   8153 |   7801 |    352 |     25 |   6387 |   5 | 1630.6 |
         Sewer |    459 |    459 |      0 |      0 |    356 |   1 |  459.0 |
      Ice Cave |    835 |    835 |      0 |      0 |    605 |   1 |  835.0 |
       Volcano |    734 |    734 |      0 |      4 |    492 |   1 |  734.0 |
        Wizlab |   1261 |   1261 |      0 |     33 |    975 |   1 | 1261.0 |
               +--------+--------+--------+--------+--------+-----+--------+

Top non-repeatable levels by time:
Vaults:2: 2590 daAuts
Vaults:4: 2544 daAuts
Depths:3: 2447 daAuts
Vaults:3: 2335 daAuts
   Zot:5: 2300 daAuts
  Lair:2: 2210 daAuts
Vaults:1: 2076 daAuts
     D:8: 2002 daAuts
  Lair:5: 1893 daAuts
    D:12: 1826 daAuts
Depths:2: 1796 daAuts
Depths:4: 1769 daAuts
     D:5: 1759 daAuts
   Zot:3: 1727 daAuts
   Zot:2: 1674 daAuts
